 Dungeon Sprint DCSS version 0.27-a0-448-gace5c5693b (webtiles) character file.

Game seed: 2120824361129111825

632 mhtbhm the Protected (level 7, -2/106 HPs)
             Began as a Minotaur Fighter on Feb 27, 2021.
             Was a High Priest of Trog.
             Slain by an orc knight
             ... wielding a +0 broad axe
              (12 damage)
             ... in the Dungeon (Sprint VII: "The Pits").
             The game lasted 00:01:06 (890 turns).

mhtbhm the Protected (Minotaur Fighter)              Turns: 890, Time: 00:01:06

Health: -2/106     AC: 15    Str: 23    XL:     7   Next: 24%
Magic:  2/2        EV:  8    Int:  5    God:    Trog [*****.]
Gold:   0          SH: 11    Dex:  9    Spells: 6/6 levels left

rFire    . . .     SeeInvis .   a - +5 hand axe (antimagic)
rCold    . . .     Faith    .   c - +0 kite shield
rNeg     . . .     Spirit   .   b - +3 chain mail
rPois    .         Reflect  .   (helmet restricted)
rElec    .         Harm     .   (no cloak)
rCorr    .         Rampage  .   (no gloves)
Will     .....     NoTele   +   (no boots)
Stlth    ..........             (no amulet)
HPRegen  0.27/turn              (no ring)
MPRegen  0.08/turn              (no ring)

@: berserking, very quick
A: retaliatory headbutt, horns 2
a: Renounce Religion, Berserk, Trog's Hand, Brothers in Arms


You were in the Dungeon.
You worshipped Trog.
Trog was extremely pleased with you.
You visited 1 branch

Inventory:

Hand Weapons
 a - a +5 antimagic hand axe (weapon)
Armour
 b - a +3 chain mail (worn)
 c - a +0 kite shield (worn)
Scrolls
 j - a scroll of blinking
 l - a scroll of summoning
Potions
 d - a potion of might
 e - 6 potions of curing
 f - 6 potions of heal wounds
 g - a potion of haste
 h - 4 potions of magic
 i - 3 potions of berserk rage
 k - 2 potions of invisibility


   Skills:
 + Level 9.8 Fighting
 + Level 8.5 Axes
 + Level 11.3 Armour
 + Level 3.0 Dodging
 + Level 9.5 Shields


You had 6 spell levels left.
You didn't know any spells.
Your spell library was empty.

Dungeon Overview and Level Annotations

Branches:
Dungeon (1/1)

Altars:
Cheibriados
Dithmenos
Elyvilon
Fedhas
Gozag
Hepliaklqana
Makhleb
Nemelex Xobeh
Okawaru
Qazlal
Ru
Sif Muna
Trog
Vehumet
Wu Jian
Xom
Yredelemnul
Zin
The Shining One
Beogh
Jiyva
Lugonu


Innate Abilities, Weirdness & Mutations

You reflexively headbutt those who attack you in melee.
You have a pair of horns on your head.


Message History

Your shield and chain mail prevent you from hitting the orc knight.
The orc knight is severely wounded.
The orc knight hits you with a +0 broad axe.
You hit the orc knight.
The orc knight is severely wounded.
The orc knight barely misses you.
You hit the orc knight. Your headbutt misses the orc knight.
The orc knight is severely wounded.
The orc knight hits you but does no damage.
You closely miss the orc knight.
The orc knight is severely wounded.
You hit the orc knight.
The orc knight is almost dead.
You block the orc knight's attack.
You hit the orc knight.
The orc knight is almost dead.
The orc knight hits you with a +0 broad axe!
You are too injured to fight recklessly!
You hit the orc knight but do no damage.
You headbutt the orc knight.
The orc knight is almost dead.
The orc knight hits you with a +0 broad axe!!
* * * LOW HITPOINT WARNING * * *
You hit the orc knight but do no damage.
The orc knight is almost dead.
You hit the orc knight but do no damage.
The orc knight is almost dead.
The orc knight hits you with a +0 broad axe.
* * * LOW HITPOINT WARNING * * *
Unknown command.
A red film seems to cover your vision as you go berserk!
You feel yourself moving faster!
You feel mighty! You block the orc knight's attack.
You hit the orc knight but do no damage.
The orc knight is almost dead.
You slash the orc knight!
You headbutt the orc knight, but do no damage.
The orc knight is almost dead.
The orc knight hits you with a +0 broad axe!
You die...

#.#........##.......#
#'###########.......#
#)......# #########
#)..#...# #..)#...#
#.##)##.#+#
#...#...#.+
#...#...#o#
#.......)@#
###########


You could see an orc knight.

Vanquished Creatures
  A flying skull (D)
  A floating eye (D)
  An orc warrior (D)
  A phantom (D)
  A gnoll sergeant (D)
  A crimson imp (D)
  A hound (D)
  5 gnolls (D)
  2 adders (D)
  An ufetubus (D)
  An ooze (D)
  2 orcs (D)
  A ball python (D)
  A frilled lizard (D)
  A goblin (D)
  A kobold (D)
  A rat (D)
23 creatures vanquished.

Notes
Turn   | Place    | Note
-------+----------+-------------------------------------------
     0 | D        | mhtbhm the Minotaur Fighter began the quest for the Orb.
     0 | D        | Reached XP level 1. HP: 19/19 MP: 0/0
    16 | D        | Found a bloodstained altar of Trog.
    16 | D        | Found a shimmering blue altar of Sif Muna.
    16 | D        | Found a viscous altar of Jiyva.
    16 | D        | Found a hazy altar of Hepliaklqana.
    16 | D        | Found an opulent altar of Gozag.
    17 | D        | Found a glowing golden altar of the Shining One.
    17 | D        | Found a glowing silver altar of Zin.
    17 | D        | Found a basalt altar of Yredelemnul.
    17 | D        | Found a shimmering altar of Xom.
    17 | D        | Found an ornate altar of the Wu Jian Council.
    17 | D        | Found a sacrificial altar of Ru.
    17 | D        | Found a stormy altar of Qazlal.
    17 | D        | Found an iron altar of Okawaru.
    17 | D        | Found a sparkling altar of Nemelex Xobeh.
    17 | D        | Found a burning altar of Makhleb.
    17 | D        | Found a blossoming altar of Fedhas.
    17 | D        | Found a white marble altar of Elyvilon.
    17 | D        | Found a shadowy altar of Dithmenos.
    17 | D        | Found a snail-covered altar of Cheibriados.
    19 | D        | Found a radiant altar of Vehumet.
    19 | D        | Found a corrupted altar of Lugonu.
    19 | D        | Found a roughly hewn altar of Beogh.
    21 | D        | Became a worshipper of Trog the Wrathful
    62 | D        | Reached skill level 4 in Armour
   168 | D        | Reached * piety under Trog
   180 | D        | Reached XP level 2. HP: 17/28 MP: 1/1
   426 | D        | Noticed a floating eye
   427 | D        | Noticed an orc warrior
   430 | D        | Paralysed by a floating eye for 2 turns
   431 | D        | Reached skill level 5 in Armour
   433 | D        | Reached ** piety under Trog
   434 | D        | Reached skill level 5 in Fighting
   434 | D        | Reached skill level 5 in Shields
   434 | D        | Reached XP level 3. HP: 26/36 MP: 2/2
   435 | D        | Killed a floating eye
   436 | D        | Reached skill level 5 in Axes
   436 | D        | Reached skill level 7 in Armour
   436 | D        | Reached skill level 1 in Dodging
   436 | D        | Reached XP level 4. HP: 17/45 MP: 3/3
   441 | D        | Killed an orc warrior
   441 | D        | Reached *** piety under Trog
   442 | D        | Reached skill level 8 in Armour
   442 | D        | Reached XP level 5. HP: 10/53 MP: 4/4
   735 | D        | Noticed a flying skull
   739 | D        | Reached skill level 9 in Armour
   743 | D        | Reached XP level 6. HP: 62/62 MP: 5/5
   747 | D        | Killed a flying skull
   747 | D        | Reached **** piety under Trog
   748 | D        | Reached skill level 10 in Armour
   749 | D        | Reached XP level 7. HP: 70/70 MP: 6/6
   758 | D        | Reached ***** piety under Trog
   759 | D        | Reached skill level 11 in Armour
   858 | D        | Received a gift from Trog
   866 | D        | Noticed an orc knight
   890 | D        | Slain by an orc knight

Illustrated notes

Levels and vault maps discovered:
D:        pitsprint [storerooms_1, entrance_room_1, metal_vault_6, armoury_2,
          mini_pit_1, grid_room_1, main_hall_1, silver_pit, the_coven_1,
          the_vestibule_1, steel_vault_2, golden_pit, hallway_of_sentries,
          crystal_vault_2, iron_vault_3, final_vault]

Skill      XL: |  1  2  3  4  5  6  7 |
---------------+----------------------+-----
Fighting       | 4 5 6 8 9 |  9.8
Armour         | 4 5 7 8 9 10 11 | 11.3
Shields        | 4 5 6 7 8 9 |  9.5
Axes           | 3 5 6 7 8 |  8.5
Dodging        | 1 2 3 |  3.0

Action                   |  1- 3 |  4- 6 |  7- 9 || total
-------------------------+-------+-------+-------++-------
Melee: Hand axe          |    18 |    15 |    38 ||    71
       Headbutt          |     5 |     1 |     6 ||    12
       War axe           |     2 |       |       ||     2
Invok: Berserk           |     2 |     1 |     1 ||     4
Armor: Scale mail        |     9 |     1 |       ||    10
       Chain mail        |       |     7 |     7 ||    14
Dodge: Dodged            |     8 |     8 |     8 ||    24
Block: Kite shield       |     8 |     9 |     9 ||    26

Table legend: (Time is in decaauts)
 A = Elapsed time spent in this place.
 B = Non-inter-level travel time spent in this place.
 C = Inter-level travel time spent in this place.
 D = Time resting spent in this place.
 E = Time spent auto-exploring this place.
 F = Levels seen in this place.
 G = Mean time per level.
                   A        B        C        D        E       F      G
               +--------+--------+--------+--------+--------+-----+--------+
         Total |    923 |    923 |      0 |    432 |    257 |   1 |  923.0 |
       Dungeon |    923 |    923 |      0 |    432 |    257 |   1 |  923.0 |
               +--------+--------+--------+--------+--------+-----+--------+

Top non-repeatable levels by time:
       D: 923 daAuts
